BSA
NASSAU ROCKETS @ LOS CABOS CARTEL
09/20/2025
 
TOP OF THE 1ST
Nassau Rockets batting - Pitching for Los Cabos Cartel : LHP Tom Miller
Pitching: LHP Tom Miller
Batting: RHB José Hernández 0-0: Ball
1-0: Called Strike
1-1: Ground out 1-3 (Groundball, 15)
Batting: RHB Victor Andrews 0-0: Called Strike
0-1: Foul Ball, location: 2F
0-2: Ground out 5-3 (Groundball, 5)
Batting: LHB Andrew Alvarado 0-0: Ball
1-0: Ground out 3-1 (Groundball, 34)
Top of the 1st over - 0 run(s), 0 hit(s), 0 error(s), 0 left on base; Nassau 0 - Los Cabos 0
BOTTOM OF THE 1ST
Los Cabos Cartel batting - Pitching for Nassau Rockets : LHP Dave Miller
Pitching: LHP Dave Miller
Batting: RHB Yasuhiro Kobayashi 0-0: Ball
1-0: Foul Ball, location: 2F
1-1: Ball
2-1: Ball
3-1: Foul Ball, location: 2F
3-2: Ground out 6-3 (Groundball, 6)
Batting: RHB Wilbert Rodgers 0-0: Called Strike
0-1: Ball
1-1: Ball
2-1: Ball
3-1: Base on Balls
Batting: RHB António Magana 0-0: Called Strike
0-1: Ball
1-1: Swinging Strike
1-2: Foul Ball, location: 2F
1-2: Foul Ball, location: 2F
1-2: Foul Ball, location: 2F
1-2: Ball
2-2: SINGLE (Line Drive, 34D)
Wilbert Rodgers to second
Batting: LHB Luis González 0-0: Called Strike
0-1: Called Strike
0-2: Foul Ball, location: 2F
0-2: Ball
1-2: Foul Ball, location: 2F
1-2: Fly out, F8 (Line Drive, 8RS)
Batting: RHB Franklin Shaw 0-0: Ball
1-0: Called Strike
1-1: Ball
2-1: Foul Ball, location: 2F
2-2: Foul Ball, location: 2F
2-2: Strikes out looking
Bottom of the 1st over - 0 run(s), 1 hit(s), 0 error(s), 2 left on base; Nassau 0 - Los Cabos 0
TOP OF THE 2ND
Nassau Rockets batting - Pitching for Los Cabos Cartel : LHP Tom Miller
Batting: LHB Alden Lindsey 0-0: Ball
1-0: Called Strike
1-1: Foul Ball, location: 2F
1-2: Strikes out swinging
Batting: RHB Shih-k'ai Huang 0-0: SINGLE (Groundball, 56)
Batting: LHB Bob Martin 0-0: Ball
1-0: Ball
2-0: Ball
3-0: Called Strike
3-1: Called Strike
3-2: Foul Ball, location: 2F
3-2: Foul Ball, location: 2F
3-2: Foul Ball, location: 2F
3-2: Fly out, F9 (Flyball, 89XD)
Batting: RHB Victor Antelo 0-0: Ball
1-0: Ball
2-0: Swinging Strike
2-1: Called Strike
2-2: Strikes out looking
Top of the 2nd over - 0 run(s), 1 hit(s), 0 error(s), 1 left on base; Nassau 0 - Los Cabos 0
BOTTOM OF THE 2ND
Los Cabos Cartel batting - Pitching for Nassau Rockets : LHP Dave Miller
Batting: LHB Willie Wallace 0-0: Ball
1-0: Foul Ball, location: 2F
1-1: Foul Ball, location: 2F
1-2: SOLO HOME RUN (Flyball, 9D), Distance : 403 ft
Batting: SHB Julián Madrid 0-0: Swinging Strike
0-1: Ball
1-1: Swinging Strike
1-2: Ball
2-2: Ground out 5-3 (Groundball, 56)
Batting: LHB Miguel Rivería 0-0: Called Strike
0-1: Foul Ball, location: 2F
0-2: Strikes out swinging
Batting: LHB Manny Quiñones 0-0: Called Strike
0-1: Ground out 4-3 (Groundball, 4)
Bottom of the 2nd over - 1 run(s), 1 hit(s), 0 error(s), 0 left on base; Nassau 0 - Los Cabos 1
TOP OF THE 3RD
Nassau Rockets batting - Pitching for Los Cabos Cartel : LHP Tom Miller
Batting: RHB Vern Carlton 0-0: Ball
1-0: Ball
2-0: Called Strike
2-1: Ball
3-1: Base on Balls
Batting: LHB Rafael Delgado 0-0: Ball
1-0: Called Strike
1-1: Swinging Strike
1-2: Ball
2-2: Foul Ball, location: 2F
2-2: Ball
3-2: Strikes out swinging
Batting: RHB José Hernández 0-0: Swinging Strike
0-1: Ball
1-1: Foul Ball, location: 2F
1-2: Strikes out swinging
Batting: RHB Victor Andrews 0-0: Ball
1-0: Ground out 4-3 (Groundball, 4)
Top of the 3rd over - 0 run(s), 0 hit(s), 0 error(s), 1 left on base; Nassau 0 - Los Cabos 1
BOTTOM OF THE 3RD
Los Cabos Cartel batting - Pitching for Nassau Rockets : LHP Dave Miller
Batting: RHB Yasuhiro Kobayashi 0-0: Swinging Strike
0-1: Fly out, F7 (Flyball, 78M)
Batting: RHB Wilbert Rodgers 0-0: Called Strike
0-1: Ball
1-1: Foul Ball, location: 2F
1-2: Ball
2-2: Fly out, F3 (Popup, 3F)
Batting: RHB António Magana 0-0: Ball
1-0: TRIPLE (Line Drive, 8RXD)
Batting: LHB Luis González 0-0: DOUBLE (Flyball, 89XD)
António Magana scores
Batting: RHB Franklin Shaw 0-0: Swinging Strike
0-1: Ball
1-1: Foul Ball, location: 2F
1-2: Ground out 6-3 (Groundball, 6M)
Bottom of the 3rd over - 1 run(s), 2 hit(s), 0 error(s), 1 left on base; Nassau 0 - Los Cabos 2
TOP OF THE 4TH
Nassau Rockets batting - Pitching for Los Cabos Cartel : LHP Tom Miller
Batting: LHB Andrew Alvarado 0-0: Ball
1-0: Ball
2-0: Ground out 4-3 (Groundball, 4)
Batting: LHB Alden Lindsey 0-0: Swinging Strike
0-1: Ball
1-1: Ground out 4-3 (Groundball, 6M)
Batting: RHB Shih-k'ai Huang 0-0: Ball
1-0: Foul Ball, location: 2F
1-1: Foul Ball, location: 2F
1-2: Ball
2-2: Ball
3-2: Ground out 6-3 (Groundball, 6)
Top of the 4th over - 0 run(s), 0 hit(s), 0 error(s), 0 left on base; Nassau 0 - Los Cabos 2
BOTTOM OF THE 4TH
Los Cabos Cartel batting - Pitching for Nassau Rockets : LHP Dave Miller
Batting: LHB Willie Wallace 0-0: Called Strike
0-1: Swinging Strike
0-2: Ball
1-2: Ball
2-2: Fly out, F7 (Flyball, 78S)
Batting: SHB Julián Madrid 0-0: Ball
1-0: Called Strike
1-1: Fly out, F9 (Popup, 34D)
Batting: LHB Miguel Rivería 0-0: Called Strike
0-1: Ball
1-1: Foul Ball, location: 2F
1-2: Foul Ball, location: 2F
1-2: Ball
2-2: Ground out 4-3 (Groundball, 4M)
Bottom of the 4th over - 0 run(s), 0 hit(s), 0 error(s), 0 left on base; Nassau 0 - Los Cabos 2
TOP OF THE 5TH
Nassau Rockets batting - Pitching for Los Cabos Cartel : LHP Tom Miller
Batting: LHB Bob Martin 0-0: Ball
1-0: Ball
2-0: Ball
3-0: Foul Ball, location: 2F
3-1: Reached on error, E4 (Groundball, 34)
Batting: RHB Victor Antelo 0-0: Ball
1-0: Foul Ball, location: 2F
1-1: Ball
2-1: Ground out 5-3 (Groundball, 5S)
Bob Martin to second
Batting: RHB Vern Carlton 0-0: Called Strike
Bob Martin steals 3rd base
0-1: Foul Ball, location: 2F
0-2: Ball
1-2: Foul Ball, location: 2F
1-2: Strikes out swinging
Batting: LHB Rafael Delgado 0-0: Ball
1-0: Ball
2-0: Called Strike
2-1: Swinging Strike
2-2: Fly out, F5 (Popup, 5F)
Top of the 5th over - 0 run(s), 0 hit(s), 1 error(s), 1 left on base; Nassau 0 - Los Cabos 2
BOTTOM OF THE 5TH
Los Cabos Cartel batting - Pitching for Nassau Rockets : LHP Dave Miller
Batting: LHB Manny Quiñones 0-0: Ball
1-0: DOUBLE (Line Drive, 5D)
Batting: RHB Yasuhiro Kobayashi 0-0: Ground out 4-3 (Groundball, 4)
Manny Quiñones to third
Batting: RHB Wilbert Rodgers 0-0: Ball
1-0: Ball
2-0: 2-RUN HOME RUN (Flyball, 8LXD), Distance : 429 ft
Batting: RHB António Magana 0-0: Ball
1-0: Called Strike
1-1: Fly out, F3 (Popup, 34)
Batting: LHB Luis González 0-0: SINGLE (Flyball, 8RS)
Batting: RHB Franklin Shaw 0-0: Ball
1-0: Called Strike
1-1: Ground out 6-3 (Groundball, 6)
Bottom of the 5th over - 2 run(s), 3 hit(s), 0 error(s), 1 left on base; Nassau 0 - Los Cabos 4
TOP OF THE 6TH
Nassau Rockets batting - Pitching for Los Cabos Cartel : LHP Tom Miller
Batting: RHB José Hernández 0-0: DOUBLE (Flyball, 8LD)
Batting: RHB Victor Andrews 0-0: Ball
1-0: Called Strike
1-1: Ground out 6-3 (Groundball, 6)
Pitching: RHP Anastasio Freitas
Batting: LHB Andrew Alvarado 0-0: Foul Ball, location: 2F
0-1: Foul Ball, location: 2F
0-2: Ground out U3 (Groundball, 3)
José Hernández to third
Batting: LHB Alden Lindsey 0-0: Ball
1-0: Called Strike
1-1: Ball
2-1: Swinging Strike
2-2: Strikes out swinging
Top of the 6th over - 0 run(s), 1 hit(s), 0 error(s), 1 left on base; Nassau 0 - Los Cabos 4
BOTTOM OF THE 6TH
Los Cabos Cartel batting - Pitching for Nassau Rockets : LHP Dave Miller
Pitching: RHP José García
Batting: LHB Willie Wallace 0-0: Ball
1-0: Fly out, F5 (Popup, 15)
Batting: SHB Julián Madrid 0-0: Ball
1-0: Foul Ball, location: 2F
1-1: Foul Ball, location: 2F
1-2: Ground out U3 (Groundball, 3S)
Batting: LHB Miguel Rivería 0-0: Ball
1-0: Called Strike
1-1: Ball
2-1: Ground out 4-3 (Groundball, 4)
Bottom of the 6th over - 0 run(s), 0 hit(s), 0 error(s), 0 left on base; Nassau 0 - Los Cabos 4
TOP OF THE 7TH
Nassau Rockets batting - Pitching for Los Cabos Cartel : RHP Anastasio Freitas
Batting: RHB Shih-k'ai Huang 0-0: Fly out, F7 (Flyball, 7M)
Batting: LHB Bob Martin 0-0: Foul Ball, location: 2F
0-1: Ball
1-1: Ground out 4-3 (Groundball, 34)
Batting: RHB Victor Antelo 0-0: Ball
1-0: SINGLE (Line Drive, 89S)
Batting: RHB Vern Carlton 0-0: Foul Ball, location: 2F
0-1: Ball
1-1: Called Strike
Victor Antelo steals 2nd base
1-2: Foul Ball, location: 2F
1-2: Foul Ball, location: 2F
1-2: Foul Ball, location: 2F
1-2: Ground out 1-3 (Groundball, 34S)
Top of the 7th over - 0 run(s), 1 hit(s), 0 error(s), 1 left on base; Nassau 0 - Los Cabos 4
BOTTOM OF THE 7TH
Los Cabos Cartel batting - Pitching for Nassau Rockets : RHP José García
Batting: LHB Manny Quiñones 0-0: Foul Ball, location: 2F
0-1: Ground out 4-3 (Groundball, 4M)
Batting: RHB Yasuhiro Kobayashi 0-0: Called Strike
0-1: Ball
1-1: Foul Ball, location: 2F
1-2: Fly out, F9 (Flyball, 9M)
Batting: RHB Wilbert Rodgers 0-0: Called Strike
0-1: Fly out, F8 (Flyball, 78XD)
Bottom of the 7th over - 0 run(s), 0 hit(s), 0 error(s), 0 left on base; Nassau 0 - Los Cabos 4
TOP OF THE 8TH
Nassau Rockets batting - Pitching for Los Cabos Cartel : RHP Anastasio Freitas
Batting: LHB Rafael Delgado 0-0: Ball
1-0: Ground out 6-3 (Groundball, 6)
Pitching: LHP António Martínez
Batting: RHB José Hernández 0-0: Ball
1-0: Ball
2-0: Swinging Strike
2-1: Swinging Strike
2-2: Foul Ball, location: 2F
2-2: Strikes out swinging
Batting: RHB Victor Andrews 0-0: Called Strike
0-1: SINGLE (Flyball, 8LS)
Batting: LHB Andrew Alvarado 0-0: Called Strike
0-1: Called Strike
0-2: Ball
1-2: Strikes out swinging
Top of the 8th over - 0 run(s), 1 hit(s), 0 error(s), 1 left on base; Nassau 0 - Los Cabos 4
BOTTOM OF THE 8TH
Los Cabos Cartel batting - Pitching for Nassau Rockets : RHP José García
Pitching: RHP Augusto Muñíz
Batting: RHB António Magana 0-0: Foul Ball, location: 2F
0-1: Foul Ball, location: 2F
0-2: Foul Ball, location: 2F
0-2: Ball
1-2: Ball
2-2: Ball
3-2: Foul Ball, location: 2F
3-2: Foul Ball, location: 2F
3-2: Ground out 6-3 (Groundball, 6)
Batting: LHB Luis González 0-0: Ball
1-0: Ball
2-0: Called Strike
2-1: Foul Ball, location: 2F
2-2: Ball
3-2: Base on Balls
Batting: RHB Franklin Shaw 0-0: Called Strike
0-1: Foul Ball, location: 2F
0-2: Ball
1-2: Ball
2-2: Foul Ball, location: 2F
2-2: Fly out, F9 (Flyball, 9LM)
Batting: LHB Willie Wallace 0-0: Called Strike
0-1: Ball
1-1: Ball
2-1: Foul Ball, location: 2F
2-2: Fielders Choice at 2nd, U6 (Groundball, 6M)
Bottom of the 8th over - 0 run(s), 0 hit(s), 0 error(s), 1 left on base; Nassau 0 - Los Cabos 4
TOP OF THE 9TH
Nassau Rockets batting - Pitching for Los Cabos Cartel : LHP António Martínez
Batting: LHB Alden Lindsey 0-0: Ball
1-0: Ball
2-0: Foul Ball, location: 2F
2-1: Called Strike
2-2: Ball
3-2: Foul Ball, location: 2F
3-2: Base on Balls
Batting: RHB Shih-k'ai Huang 0-0: Swinging Strike
0-1: Ball
1-1: Foul Ball, location: 2F
1-2: Ball
2-2: Strikes out swinging
Batting: LHB Bob Martin 0-0: Called Strike
0-1: Ball
1-1: Ground out 3-1 (Groundball, 34)
Alden Lindsey to second
Pitching: RHP Yajirobei Endo
Batting: RHB Victor Antelo 0-0: Ball
1-0: Foul Ball, location: 2F
1-1: Ball
2-1: Called Strike
2-2: Ball
3-2: Foul Ball, location: 2F
3-2: DOUBLE (Line Drive, 7D)
Alden Lindsey scores
Pitching: RHP Masahiko Okada
Batting: RHB Vern Carlton 0-0: DOUBLE (Groundball, 3L)
Victor Antelo scores
Pinch Hitting: LHB Phil Smith 0-0: Ball
1-0: Ball
2-0: Ball
3-0: Fly out, F7 (Flyball, 78D)
Top of the 9th over - 2 run(s), 2 hit(s), 0 error(s), 1 left on base; Nassau 2 - Los Cabos 4
This league is powered by Out of the Park Baseball, the baseball management simulation game for PC, Mac and Linux
Tuesday, August 2nd, 2016 - OOTP Baseball 16.8 Build 38